 Dungeon Crawl Stone Soup version 0.31-a0-538-gbc85326fa9 (webtiles) character file.

Game seed: 17174525623986965239

6797 Vruhak the Fighter (level 11, -12/85 (89) HPs)
             Began as a Formicid Hunter on Aug 13, 2023.
             Was a Follower of Okawaru.
             Mangled by a +1 broad axe of speed (16 damage)
             ... created by the rancor of the Wu Jian Council
             ... on level 9 of the Dungeon.
             The game lasted 00:20:30 (8517 turns).

Vruhak the Fighter (Formicid Hunter)                Turns: 8517, Time: 00:20:31

HP:   -12/85 (89)   AC:  8    Str: 17    XL:     11   Next: 25%
MP:   11/11         EV: 19    Int:  8    God:    Okawaru [*.....]
Gold: 501           SH: 11    Dex: 21    Spells: 10/10 levels left

rFire   . . .        a - +1 shortbow
rCold   . . .        g - +0 kite shield
rNeg    + . .        v - +0 leather armour of the Lizard {rPois rN+}
rPois   +            (helmet unavailable)
rElec   .            f - +2 cloak {Stlth+}
rCorr   .            s - +2 pair of gloves
SInv    +            k - +1 pair of boots
Will    +....        (no amulet)
Stlth   +++++        e - +4 ring of protection
HPRegen 0.34/turn    t - +5 ring of evasion
MPRegen 0.12/turn

%: no passive effects
@: corroded, lightly drained
A: permanent stasis, dig shafts and tunnels, antennae 3, four strong arms,
evolution 1
a: Dig, Shaft Self, Renounce Religion, Heroism


You were on level 9 of the Dungeon.
You worshipped Okawaru.
Okawaru was aware of your devotion.
You visited 2 branches of the dungeon, and saw 10 of its levels.

You collected 501 gold pieces.

Inventory:

Hand Weapons
 a - a +1 shortbow (weapon)
Missiles
 x - 3 throwing nets
Armour
 c - a +0 leather armour
 f - a +2 cloak of stealth (worn)
 g - a +0 kite shield (worn)
 h - a +2 robe of positive energy
 k - a +1 pair of boots (worn)
 s - a +2 pair of gloves (worn)
 v - the +0 leather armour of the Lizard (worn) {rPois rN+}
   (You found it on level 5 of the Dungeon)

   rPois:     It protects you from poison rN+: It protects you from negative
   energy.
 B - a +0 leather armour of cold resistance
Jewellery
 e - a +4 ring of protection (left hand)
 i - a +6 ring of intelligence
 q - an amulet of faith
 t - a +5 ring of evasion (right hand)
Wands
 u - a wand of mindburst (4)
 y - a wand of flame (21)
Scrolls
 b - a scroll of butterflies
 j - a scroll of noise
 n - 2 scrolls of enchant armour
 r - 5 scrolls of identify
Potions
 d - 3 potions of might
 l - a potion of berserk rage
 o - a potion of attraction
 p - 2 potions of enlightenment
 A - a potion of resistance


   Skills:
 + Level 9.6 Fighting
 + Level 9.4 Ranged Weapons
 + Level 6.1 Armour
 + Level 5.5 Dodging
 - Level 8.0 Stealth
 * Level 6.5 Shields


You had 10 spell levels left.
You didn't know any spells.
Your spell library contained the following spells:

 Spells                   Type           Power      Damage    Failure   Level
 Lesser Beckoning         Tloc           0%         N/A       88%         2
 Gell's Gravitas          Tloc           0%         N/A       98%         3
 Teleport Other           Tloc           0%         N/A       98%         3
 Cause Fear               Hex            0%         N/A       100%        4
 Fireball                 Conj/Fire      0%         3d3       100%        5
 Dispersal                Tloc           0%         N/A       100%        6
 Borgnjor's Revivificati  Necr           0%         N/A       100%        8
 Death's Door             Necr           0%         N/A       100%        9
 Haunt                    Necr/Summ      Unusable   N/A       N/A         7
 Dragon's Call            Summ           Unusable   N/A       N/A         9

Dungeon Overview and Level Annotations

Branches:
Dungeon (9/15)             Temple (1/1) D:6             Orc (0/2) D:9
   Lair: D:8-11

Altars:
Ashenzari
Cheibriados
Dithmenos
Elyvilon
Fedhas
Gozag
Hepliaklqana
Kikubaaqudgha
Makhleb
Nemelex Xobeh
Okawaru
Qazlal
Ru
Trog
Uskayaw
Vehumet
Wu Jian
Xom
Yredelemnul
Zin
The Shining One

Shops:
D:1 :   D:9 :

Annotations:
D:6 2 transporters, 3 runed translucent doors, Menkaure; soonmide's ghost, novice SpEn
D:8 exclusion: moth of wrath


Innate Abilities, Weirdness & Mutations

You cannot be hasted, slowed, berserked, paralysed or teleported.
You can dig through walls and to a lower floor.
You have a pair of large antennae on your head. (SInv)
Your four strong arms can wield two-handed weapons with a shield.
You have hidden genetic potential.


Message History

Okawaru accepts your kill.
You can now gain great but temporary skills.
You see here a polar bear corpse.
You start resting.
Sifu Cai Fang says: Suffer, mortal!
The rancor of the Wu Jian Council corrodes you!
The divine experience confuses you!
You are confused.
A +1 broad axe of speed, a +1 great sword of flaming, a +3 quarterstaff of electrocution and a +4 heavy rapier come into view.
Okay, then.
Unknown command.
Unknown command.
Unknown command.
Unknown command.
You closely miss the +4 heavy rapier.
You completely miss the +4 heavy rapier.
The +4 heavy rapier hits you.
* * * LOW HITPOINT WARNING * * *
The +1 broad axe of speed misses you.
You clumsily bash the +4 heavy rapier but do no damage.
The +1 broad axe of speed hits you.
* * * LOW HITPOINT WARNING * * *
The +4 heavy rapier hits you.
* * * LOW HITPOINT WARNING * * *
The +1 broad axe of speed completely misses you.
You clumsily bash the +4 heavy rapier but do no damage.
You feel less confused.
You block the +1 broad axe of speed's attack.
The +4 heavy rapier hits you.
* * * LOW HITPOINT WARNING * * *
You shoot an arrow. The arrow hits the +4 heavy rapier.
The +4 heavy rapier is heavily damaged.
The +1 broad axe of speed closely misses you.
The +4 heavy rapier hits you!
* * * LOW HITPOINT WARNING * * *
The +1 broad axe of speed barely misses you.
You shoot an arrow.
The arrow hits the +4 heavy rapier but does no damage.
The +4 heavy rapier is moderately damaged.
The +1 broad axe of speed hits you!
You die...

########## <.
###......<.# #.#
..........####.#
#..........##'###
#........#.#.....
#........#.#.....
###(.......#.'.....
#(#((......###.....
##@#.#########.....
###.# ###...... #.#
#...###.∩ #.#
#.#####)# #.# #.#
#... #.# #.####...
#.. ##....)..) ##.
#.........
.?...#.....
###...)...


You could see 4 dancing weapons.

Vanquished Creatures
  An unseen horror (D:9)
  A rime drake (D:9)
  2 polar bears (D:9)
  Prince Ribbit (D:5)
  5 dancing weapons (D:9)
  Sigmund (D:2)
  3 wraiths
  3 yaks (D:9)
  3 steam dragons
  3 water moccasins
  3 orc warriors
  2 sky beasts (D:7)
  2 black bears
  4 ice beasts
  An ogre (D:4)
  A centaur (D:5)
  2 wolves (D:9)
  2 kobold brigands (D:8)
  A phantom (D:6)
  Blork the orc (D:4)
  A bullfrog (D:7)
  A gnoll sergeant (D:8)
  7 scorpions
  A wight (D:8)
  5 killer bees (D:8)
  4 howler monkeys
  6 hounds
  3 gnoll boudas
  4 orc priests
  Crazy Yiuf (D:3)
  4 jellies
  2 sleepcaps
  3 iguanas
  Jessica (D:2)
  6 orc wizards
  Natasha (thrice) (D:3)
  Robin (D:2)
  20 gnolls
  8 adders
  A shadow imp (D:6)
  A white imp (D:6)
  4 worms
  3 dart slugs
  34 orcs
  6 endoplasms
  4 giant cockroaches
  16 goblins
  18 hobgoblins
  6 quokkas
  7 ball pythons
  5 bats
  6 frilled lizards
  23 kobolds
  14 rats
271 creatures vanquished.

Notes
Turn   | Place    | Note
-------+----------+-------------------------------------------
     0 | D:1      | Vruhak the Formicid Hunter began the quest for the Orb.
     0 | D:1      | Reached XP level 1. HP: 16/16 MP: 1/1
   159 | D:1      | Reached XP level 2. HP: 23/23 MP: 2/2
   396 | D:1      | Reached XP level 3. HP: 28/28 MP: 3/3
   470 | D:1      | Found Gyirche's Book Boutique.
   470 | D:1      | Noticed a walking divine tome
   472 | D:1      | Noticed a walking divine tome
   854 | D:2      | Reached XP level 4. HP: 30/35 MP: 4/4
  1005 | D:2      | Noticed Robin
  1016 | D:2      | Killed Robin
  1052 | D:2      | Reached XP level 5. HP: 26/41 MP: 5/5
  1190 | D:2      | Noticed Sigmund
  1209 | D:2      | Killed Sigmund
  1210 | D:2      | Reached skill level 5 in Ranged Weapons
  1210 | D:2      | Reached XP level 6. HP: 37/49 MP: 6/6
  1381 | D:2      | Found a basalt altar of Yredelemnul.
  1701 | D:2      | Noticed Jessica
  1716 | D:2      | Killed Jessica
  1898 | D:3      | Noticed Natasha
  1905 | D:3      | Killed Natasha
  2082 | D:3      | Noticed Natasha
  2087 | D:3      | Killed Natasha
  2088 | D:3      | Reached XP level 7. HP: 46/55 MP: 7/7
  2127 | D:3      | Noticed Natasha
  2135 | D:3      | Killed Natasha
  2136 | D:3      | Reached skill level 5 in Stealth
  2193 | D:3      | Found a faded altar of an unknown god.
  2207 | D:3      | Prayed at the altar of an unknown god.
  2207 | D:3      | Became a worshipper of the Wu Jian Council
  2207 | D:3      | Reached * piety under Wu Jian
  2331 | D:3      | Found a runed translucent door.
  2332 | D:3      | Noticed Crazy Yiuf
  2672 | D:3      | Killed Crazy Yiuf
  2807 | D:4      | Reached skill level 5 in Fighting
  3066 | D:4      | Noticed Blork the orc
  3080 | D:4      | Killed Blork the orc
  3081 | D:4      | Reached XP level 8. HP: 50/63 MP: 8/8
  3328 | D:4      | Found a stormy altar of Qazlal.
  3363 | D:4      | Reached ** piety under Wu Jian
  3928 | D:5      | Entered Level 5 of the Dungeon
  4040 | D:5      | Noticed Prince Ribbit
  4053 | D:5      | Killed Prince Ribbit
  4054 | D:5      | Reached XP level 9. HP: 43/72 MP: 9/9
  4291 | D:5      | Reached skill level 1 in Armour
  4335 | D:5      | Identified the +0 leather armour of the Lizard {rPois rN+}
  4491 | D:5      | Found an opulent altar of Gozag.
  4712 | D:6      | Found a transporter.
  4723 | D:6      | Found a transporter.
  4832 | D:6      | Found an ancient bone altar of Kikubaaqudgha.
  4955 | D:6      | Found a runed translucent gate.
  4968 | D:6      | Found a staircase to the Ecumenical Temple.
  4993 | Temple   | Entered the Ecumenical Temple
  5181 | D:6      | Found a runed translucent gate.
  5181 | D:6      | Found a runed translucent gate.
  5182 | D:6      | Noticed soonmide's ghost (novice SpEn)
  5202 | D:6      | Noticed Menkaure
  5204 | D:6      | Found a basalt altar of Yredelemnul.
  5648 | D:7      | Reached XP level 10. HP: 80/80 MP: 10/10
  5686 | D:7      | Reached *** piety under Wu Jian
  6586 | D:8      | Reached skill level 1 in Shields
  6957 | D:8      | Noticed a moth of wrath
  6960 | D:8      | Found a bloodstained altar of Trog.
  7058 | D:7      | Reached skill level 5 in Armour
  7446 | D:8      | Found a glowing silver altar of Zin.
  7674 | D:9      | Noticed an unseen horror
  7695 | D:9      | Killed an unseen horror
  7720 | D:9      | Reached skill level 5 in Dodging
  7903 | D:9      | Found an iron altar of Okawaru.
  7911 | D:9      | Fell from the grace of Wu Jian
  7911 | D:9      | Became a worshipper of Warmaster Okawaru
  7933 | D:9      | Reached skill level 5 in Shields
  7933 | D:9      | Reached XP level 11. HP: 75/89 MP: 11/11
  8127 | D:9      | Noticed a two-headed ogre
  8340 | D:9      | Found Ocinn's Book Shoppe.
  8398 | D:9      | Found a staircase to the Orcish Mines.
  8452 | D:9      | Gained mutation: You have hidden genetic potential. [potion
                  | of mutation]
  8492 | D:9      | Reached * piety under Okawaru
  8516 | D:9      | HP: 3/85 [+4 heavy rapier[the rancor of the Wu Jian
                  | Council] (9)]
  8517 | D:9      | Mangled by a +1 broad axe of speed

Illustrated notes

Levels and vault maps discovered:
D:1:      nzn_arrival_crosshair, layout_loops_ring, serial_shops,
          nicolae_shop_mannequins
D:2:      layout_basic, basic_altar, uniq_sigmund, uniq_jessica, uniq_robin
D:3:      layout_basic, chequers_ecumenical_altar_simple,
          lexackson_kobold_supper, uniq_crazy_yiuf_cottage, uniq_natasha
D:4:      minmay_clustersquares, layout_basic, nicolae_qazlal_eye_of_the_storm,
          kennysheep_potato, uniq_blork_the_orc
D:5:      nicolae_cairo_tiling_large_dashed, layout_cave_pools,
          mainiacjoe_overflow_brackets, uniq_prince_ribbit1
D:6:      layout_cave_pools, gammafunk_temple_of_torment,
          minmay_temple_entry_wispy, gammafunk_ghost_split
D:7:      layout_cave_pools, enter_bailey_4
D:8:      layout_basic, zin_statuary, tgw_trog, serial_corexii_hall,
          corexii_hall_statues_x, corexii_hall_statues_i,
          chequers_hall_statues_corner_a, corexii_hall_statues_u,
          minmay_parallelograms, nicolae_twisty_statue_hallways
D:9:      layout_roguey, okawaru_gym_becter, hellmonk_lair_entry_icy,
          hiddenorc1_lemuel, serial_shops, shop
Temple:   nicolae_temple_bog_church

Skill      XL: |  1  2  3  4  5  6  7  8  9 10 11 |
---------------+----------------------------------+-----
Stealth        | 2 3 4 6 7 8 |  8.0
Fighting       | 3 4 5 7 8 9 |  9.6
Ranged Weapons | 5 6 7 8 9 |  9.4
Dodging        | 3 5 |  5.5
Armour         | 3 5 6 |  6.1
Shields        | 5 6 |  6.5

Action                     |  1- 3 |  4- 6 |  7- 9 | 10-12 || total
---------------------------+-------+-------+-------+-------++-------
  Melee: Shortbow          |       |       |       |     4 ||     4
   Fire: Shortbow          |    97 |   150 |   456 |   581 ||  1284
Ability: Dig               |       |     1 |     3 |    10 ||    14
  Evoke: Wand              |       |       |       |     4 ||     4
    Use: Scroll            |     3 |     2 |     7 |     1 ||    13
         Potion            |       |     4 |     3 |     6 ||    13
 Armour: Leather armour    |     8 |    14 |    23 |   126 ||   171
         Robe              |       |     1 |    75 |       ||    76
         Skin              |       |       |     6 |       ||     6
  Dodge: Dodged            |    29 |    33 |   177 |   325 ||   564
  Block: Kite shield       |       |       |       |   143 ||   143

Table legend: (Time is in decaauts)
 A = Elapsed time spent in this place.
 B = Non-inter-level travel time spent in this place.
 C = Inter-level travel time spent in this place.
 D = Time resting spent in this place.
 E = Time spent auto-exploring this place.
 F = Levels seen in this place.
 G = Mean time per level.
                   A        B        C        D        E       F      G
               +--------+--------+--------+--------+--------+-----+--------+
         Total |   8644 |   8246 |    398 |    651 |   5436 |  10 |  864.4 |
       Dungeon |   8618 |   8233 |    385 |    651 |   5436 |   9 |  957.6 |
        Temple |     25 |     12 |     13 |      0 |      0 |   1 |   25.0 |
               +--------+--------+--------+--------+--------+-----+--------+

Top non-repeatable levels by time:
     D:8: 1722 daAuts
     D:4: 1177 daAuts
     D:2: 1093 daAuts
     D:3: 956 daAuts
     D:9: 769 daAuts
     D:1: 769 daAuts
     D:6: 728 daAuts
     D:7: 714 daAuts
     D:5: 686 daAuts
  Temple: 25 daAuts
